 Dungeon Crawl Stone Soup version 0.30.0-3-ga4e48a9924 (webtiles) character file.

Game seed: 1818302485564480989

34 jimonade the Slasher (level 3, -2/30 HPs)
             Began as a Vine Stalker Monk on May 7, 2023.
             Slain by Terence
             ... wielding a +0 flail
              (4 damage)
             ... on level 2 of the Dungeon.
             The game lasted 00:01:57 (1273 turns).

jimonade the Slasher (Vine Stalker Monk)            Turns: 1273, Time: 00:01:58

Health: -2/30      AC:  8    Str: 13    XL:     3   Next: 31%
Magic:  0/4        EV:  7    Int: 10    God:
Gold:   42         SH:  0    Dex: 18    Spells: 2/2 levels left

rFire   . . .        a - +0 falchion
rCold   . . .        m - orb {*Rage}
rNeg    . . .        f - +0 chain mail
rPois   .            (no helmet)
rElec   .            (no cloak)
rCorr   +            (no gloves)
SInv    .            (no boots)
Will    .....        (no amulet) Stlth
                     i - ring of resist corrosion
HPRegen 0.25/turn    (no ring)
MPRegen 0.09/turn

%: random rage (20%), guardian spirit
@: berserking, very quick
A: fangs 2, magic shield, antimagic bite, no potion heal 2
a: no special abilities


You were on level 2 of the Dungeon.
You visited 1 branch of the dungeon, and saw 2 of its levels.

You collected 42 gold pieces.

Inventory:

Hand Weapons
 a - a +0 falchion (weapon)
 l - a +0 short sword
Armour
 b - a +0 robe
 d - an orb of light
 f - a +0 chain mail (worn)
 h - a +0 leather armour
 m - an orb of wrath (worn)
Jewellery
 i - a ring of resist corrosion (left hand)
Scrolls
 e - 2 scrolls of noise {unknown}
 g - a scroll of enchant weapon {unknown}
Potions
 c - a potion of ambrosia
 j - a potion of lignification {unknown}
 k - a potion of might {unknown}


   Skills:
 + Level 3.0 Fighting
 + Level 3.3 Long Blades
 + Level 0.2 Armour
 + Level 2.7 Dodging


You had 2 spell levels left.
You didn't know any spells.
Your spell library contained the following spells:

 Spells                   Type           Power      Damage    Failure   Level
 Hailstorm                Conj/Ice       0%         3d3       100%        3
 Ice Form                 Ice/Tmut       0%         N/A       100%        4
 Simulacrum               Ice/Necr       0%         N/A       100%        6


Dungeon Overview and Level Annotations

Branches:
Dungeon (2/15)

Altars:

Annotations:
D:2 Terence


Innate Abilities, Weirdness & Mutations

You have extremely sharp teeth.
When hurt, damage is shared between your health and your magic reserves.
Your bite disrupts and absorbs the magic of your enemies.
Potions cannot restore your health.


Message History

There is a stone staircase leading up here.
Terence the Incautious comes into view.
He is wielding a +0 flail and wearing a +1 scale mail of fire resistance.
There is a stone staircase leading up here.
You see here an orb of wrath.
m - an orb of wrath You start removing your armour.
You continue taking off your orb of light. x3
Terence hits you with a +0 flail.
You continue taking off your orb of light.
Terence hits you but does no damage.
You finish taking off your orb of light.
Terence hits you but does no damage.
Keep equipping yourself?
You start putting on your armour.
You continue putting on your orb of wrath.
Terence hits you with a +0 flail.
You continue putting on your orb of wrath.
Terence hits you with a +0 flail!
* * * LOW HITPOINT WARNING * * *
You continue putting on your orb of wrath.
Terence hits you with a +0 flail.
* * * LOW HITPOINT WARNING * * *
You continue putting on your orb of wrath.
Terence barely misses you.
You finish putting on your orb of wrath.
A red film seems to cover your vision as you go berserk!
You feel yourself moving faster!
You feel mighty!
You hit Terence. You bite Terence, but do no damage.
Terence is lightly wounded.
Terence hits you but does no damage.
You closely miss Terence.
Terence is lightly wounded.
Terence hits you but does no damage.
You closely miss Terence.
Terence is lightly wounded.
Terence hits you but does no damage.
You slash Terence!
Terence is heavily wounded.
Terence hits you with a +0 flail.
You die...

##...#.###.
....#.#.. #...#.#.#
#...#.#.# #...#.[.#
##..#...####
#......<...#
#..)....#.##
#.@@....#.....@..
#...#...#........
#..........#........
#.##.....###........
# ...#.### #........
.##.#.# #........ .
#.#.# #........
..#.#


You could see Terence.

Vanquished Creatures
  An adder (D:2)
  A dart slug (D:1)
  An endoplasm (D:1)
  4 goblins
  3 hobgoblins (D:1)
  6 kobolds (D:1)
  A quokka (D:1)
  A ball python (D:1)
  3 bats (D:1)
  2 frilled lizards (D:1)
23 creatures vanquished.

Notes
Turn   | Place    | Note
-------+----------+-------------------------------------------
     0 | D:1      | jimonade the Vine Stalker Monk began the quest for the Orb.
     0 | D:1      | Reached XP level 1. HP: 11/11 MP: 2/2
   146 | D:1      | Reached XP level 2. HP: 16/16 MP: 3/3
   952 | D:1      | Reached XP level 3. HP: 18/20 MP: 4/4
  1251 | D:2      | Noticed Terence
  1268 | D:2      | HP: 1/20 [Terence/+0 flail (5)]
  1273 | D:2      | Slain by Terence

Illustrated notes

Levels and vault maps discovered:
D:1:      nzn_arrival_depleted_hourglass, layout_basic, corner_web_ring
D:2:      minmay_spotlight, layout_basic, minmay_misc_feat_enclosed,
          uniq_jessica, uniq_terence

Skill      XL: |  1  2 |
---------------+-------+-----
Long Blades    | 3 |  3.3
Fighting       | 3 |  3.0
Armour         | |  0.2
Dodging        | |  2.7

Action                     || total
---------------------------++-------
  Melee: Falchion          ||    46
         Bite              ||     8
 Armour: Chain mail        ||    27
         Robe              ||     1
  Dodge: Dodged            ||    13
